cohdb
Replays
Latest Replays
All Replays
Popular Replays
Top Player Replays
Match Explorer
How It Works
Community
CoH3 Stats
Reddit
Sign in to upload your games and track your stats! →
Sign in with Steam
Match 44710166
Unlisted
Match 44710166
Overview
Messages
Build Orders
End
Construct Barracks
Selects Heavy Weapons
Riflemen Squad
1⁄4-ton 4x4 Truck
Riflemen Squad
Selects M2HB .50cal Heavy Machine Gun
Riflemen Squad
Infantry Support Center
Grenade Package
Construct Medical Station
M1918 Browning Automatic Rifles
Construct Motor Pool
M1 Anti-tank Gun Team
Survival Training
Advanced Logistics
Selects Assault Carriers
Selects Halftrack Strongpoints
Quickscopekiller1337
jonafrag
The Kaiser
Mustache and Melons
0
0
Comments
sign in to comment!
No comments posted yet!